 Dungeon Crawl Stone Soup version 0.17.1-2-g5865329 (webtiles) character file.

28 Mysteryquy the Changer (level 3, 0/28 HPs)
             Began as a Draconian Transmuter on Jan 10, 2016.
             Slain by Terence
             ... wielding a +1 falchion of flaming
              (1 damage)
             ... on level 2 of the Dungeon.
             The game lasted 00:02:44 (1438 turns).

Mysteryquy the Changer (Draconian Transmuter)       Turns: 1438, Time: 00:02:44

Health: 0/28       AC:  0    Str: 12    XL:     3   Next: 0%
Magic:  6/6        EV: 14    Int: 14    God:
Gold:   71         SH:  0    Dex: 11    Spells: 2 memorised, 3 levels left

rFire  . . .     SeeInvis .       - Unarmed
rCold  . . .     Clarity  .     (armour unavailable)
rNeg   . . .     SustAt   .     (shield currently unavailable)
rPois  .         Gourm    .     (helmet currently unavailable)
rElec  .         Spirit   .     (cloak currently unavailable)
rCorr  .         Warding  .     (gloves currently unavailable)
rMut   .         Stasis   .     (boots currently unavailable)
MR     .....                    (no amulet)
Stlth  +.........               (ring currently unavailable)
                                (ring currently unavailable)

@: pig-form (expiring), very quick, not resistant to hostile enchantments, very
unstealthy
A: unfitting armour, (cold-blooded), AC +5
a: no special abilities


You were on level 2 of the Dungeon.
You were not hungry.
You were a filthy swine.
You visited 1 branch of the dungeon, and saw 2 of its levels.

You collected 71 gold pieces.

Inventory:

Missiles
 a - 12 arrows
Armour
 f - a +0 buckler
Jewellery
 k - a cursed ring of teleportation {unknown}
Scrolls
 h - a scroll of random uselessness {unknown}
 i - a scroll of identify {unknown}
 j - a scroll of teleportation {unknown}
 m - a scroll of magic mapping {unknown}
Potions
 e - 2 potions of heal wounds {unknown}
 g - a potion of agility {unknown}
 l - a potion of beneficial mutation {unknown}
Books
 b - a book of Changes

   Spells                             Type                      Level
   a - Beastly Appendage              Transmutation                1
   b - Sticks to Snakes               Transmutation                2
   c - Spider Form                    Transmutation/Poison         3
   d - Ice Form                       Ice/Transmutation            4
   e - Blade Hands                    Transmutation                5
Comestibles
 c - 2 bread rations
 d - a beef jerky
 n - a meat ration


   Skills:
 - Level 1.1 Fighting
 - Level 1.7 Dodging
 - Level 3.0 Unarmed Combat
 - Level 2.0 Spellcasting
 + Level 3.5 Transmutations


You had 3 spell levels left.
You knew the following spells:

 Your Spells              Type           Power        Failure   Level  Hunger
a - Beastly Appendage     Trmt           ##....       6%          1    ##.....
b - Sticks to Snakes      Trmt           ##........   10%         2    ###....


Dungeon Overview and Level Annotations

Branches:
Dungeon (2/15)

Altars:

Annotations:
D:2 Terence


Innate Abilities, Weirdness & Mutations

((Your plain brown scales are hard (AC +5).))
Your body does not fit into most forms of armour.
((You are cold-blooded and may be slowed by cold attacks.))


Message History

Terence barely misses you.
You hit Terence but do no damage.
Terence is moderately wounded.
Terence hits you with a falchion of flaming.
Terence burns you.
You closely miss Terence.
Terence is moderately wounded.
Terence barely misses you.
You barely miss Terence.
Terence is moderately wounded.
You hit Terence but do no damage.
Terence is moderately wounded.
Terence hits you with a falchion of flaming.
Terence burns you.
You hit Terence but do no damage.
Terence is moderately wounded.
Terence hits you with a falchion of flaming!
* * * LOW HITPOINT WARNING * * *
Terence burns you.
You die...

#.#####......#.#.#
####..#.......#
#÷......#...###
#.##..###l.#...#
#.##.##.......#
###
#.......#####.####
####†#####.....<.#
#.# #.......# #.#
#@h.....# ...
#.......# ##.
#.......# .
#.......# ..
#.......#
#########


You could see Terence.

Vanquished Creatures
  A giant gecko (D:1)
  2 giant cockroaches (D:1)
  3 hobgoblins (D:1)
  5 jackals (D:1)
  4 kobolds
  5 bats
  2 giant newts (D:1)
  2 rats (D:1)
24 creatures vanquished.

Notes
Turn   | Place    | Note
--------------------------------------------------------------
     0 | D:1      | Mysteryquy the Draconian Transmuter began the quest for the Orb.
     0 | D:1      | Reached XP level 1. HP: 16/16 MP: 3/3
   311 | D:1      | Reached XP level 2. HP: 12/23 MP: 5/5
  1243 | D:2      | Noticed Terence
  1363 | D:1      | Reached XP level 3. HP: 25/28 MP: 6/6
  1374 | D:1      | Learned a level 2 spell: Sticks to Snakes
  1438 | D:2      | HP: 1/28 [Terence/falchion of flaming (8)]
  1438 | D:2      | Slain by Terence

Action                   || total
-------------------------++-------
Melee: Unarmed           ||   128
 Cast: Beastly Appendage ||     4
  Eat: Chunk             ||     2
